 Dungeon Crawl Stone Soup version 0.31-a0-1626-g5cb510d322 (webtiles) character file.

Game seed: 17972527907103993917

152 GloriousHammer the Ruffian (level 5, -9/40 HPs)
             Began as a Draconian Shapeshifter on Jan 4, 2024.
             Was a Believer of Elyvilon.
             Mangled by Edmund
             ... wielding a +4 dire flail of holy wrath
              (10 damage)
             ... on level 6 of the Dungeon on Jan 12, 2024.
             The game lasted 00:06:14 (2374 turns).

GloriousHammer the Ruffian (Draconian Shapeshifter) Turns: 2374, Time: 00:06:15

Health: -9/40      AC:  5    Str: 18    XL:     5   Next: 11%
Magic:  5/5        EV: 12    Int: 10    God:    Elyvilon [**....]
Gold:   166        SH:  0    Dex: 11    Spells: 4/4 levels left

rFire   . .          .
                       - Unarmed
rCold   . . .        (no shield)
rNeg    . . .        (body armour unavailable)
rPois   .            (helmet currently unavailable)
rElec   .            (cloak currently unavailable)
rCorr   .            (gloves currently unavailable)
SInv    .            (boots currently unavailable)
Will    .....        (no amulet)
Stlth   +            (no ring)
HPRegen 0.26/turn    (no ring)
MPRegen 0.09/turn

%: no passive effects
@: brilliant, beast-form
A: beast (slay +2), AC +5, unfitting armour, cold-blooded
a: Begin Untransformation, Renounce Religion, Purification, Heal Other


You were on level 6 of the Dungeon.
You worshipped Elyvilon.
Elyvilon was pleased with you.
You were a hulking beast.
You visited 1 branch of the dungeon, and saw 4 of its levels.

You collected 166 gold pieces.

Inventory:

Missiles
 i - 5 boomerangs (quivered)
Armour
 h - a +1 hat
Jewellery
 r - an amulet of faith
Talismans
 b - a beast talisman
 c - a flux talisman
Scrolls
 o - a scroll of immolation
Potions
 a - a potion of lignification
 e - a potion of magic {unknown}
 f - a potion of brilliance
 k - a potion of might {unknown}
 l - 2 potions of ambrosia {unknown}
 m - a potion of heal wounds {unknown}
 n - a potion of attraction {unknown}
 p - a potion of curing {unknown}


   Skills:
 - Level 1.1 Fighting
 - Level 1.7 Dodging
 * Level 5.5 Unarmed Combat
 + Level 3.5 Shapeshifting


You had 4 spell levels left.
You didn't know any spells.
Your spell library contained the following spells:

 Spells                   Type           Power      Damage    Failure   Level
 Cause Fear               Hex            0%         N/A       98%         4
 Fireball                 Conj/Fire      0%         3d3       100%        5
 Dragon's Call            Summ           0%         N/A       100%        9


Dungeon Overview and Level Annotations

Branches:
Dungeon (3/15)

Altars:
Elyvilon
Hepliaklqana

Shops:
D:1 (

Annotations:
D:6 Edmund


Innate Abilities, Weirdness & Mutations

You are a hulking beast.
Your limbs bulge with bestial killing power. (Slay +2)
Your plain brown scales are hard. (AC +5)
You cannot fit into any form of body armour.
You are cold-blooded and may be slowed by cold attacks.


Message History

Your Unarmed Combat skill increases to level 5!
You have reached level 5!
You now have 130 gold pieces (gained 12).
You now have 146 gold pieces (gained 16).
You start resting.
HP restored.
Found a spear.
q - a scroll labelled PUFRIW REATZI You now have 154 gold pieces (gained 8).
Found a pair of boots.
Found a stone staircase leading down.
Found a short sword.
Found a stone staircase leading up.
There is a stone staircase leading up here.
You see here a +0 short sword.
You now have 166 gold pieces (gained 12).
A goblin comes into view. It is wielding a +0 club.
The goblin shouts!
A goblin is nearby!
The goblin misses you.
You barely miss the goblin. Your punch misses the goblin.
The goblin hits you but does no damage.
You barely miss the goblin. The goblin hits you but does no damage.
You hit the goblin.
You kill the goblin!
You see here a +0 club.
Found a hazy altar of Hepliaklqana.
A malevolent force fills the Dungeon...
You fall into a shaft and drop 3 floors!
The shaft crumbles and collapses.
A black bear comes into view.
The black bear growls angrily.
Found a plate armour.
Found a scroll labelled WIGGI FAMIA.
Edmund the Younger comes into view.
He is wielding a +4 dire flail of holy wrath.
Edmund shouts!
Found a stone staircase leading down.
You see here a scroll labelled WIGGI FAMIA.
Found 14 gold pieces.
Found 7 stones.
You open the door.
There is an open door here.
You close the door.
Edmund opens the door.
An adder comes into view.
The adder moves out of view.
Found 4 stones.
Found a runed short sword.
Found 8 gold pieces.
You can now heal and attempt to pacify others.
Found a thin bronze amulet.
A hound comes into view.
The hound moves out of view.
The hound barks!
The hound misses you.
You see here an amulet of faith.
r - an amulet of faith The hound bites you but does no damage.
The hound closely misses you. The hound bites you but does no damage.
The hound barely misses you. The hound attacks as it pursues you!
The hound bites you. The hound barely misses you. The hound barely misses you.
The hound attacks as it pursues you! The hound bites you but does no damage.
The hound bites you.
As you read the scroll labelled JUQOIK UBIKHE, it crumbles to dust.
It is a scroll of amnesia.
You feel forgetful for a moment. The hound closely misses you.
The hound attacks as it pursues you! The hound closely misses you.
The hound bites you.
Found a chain mail.
The hound barely misses you. The hound attacks as it pursues you!
The hound bites you. The hound bites you.
As you read the scroll labelled MONWAH TAHI, it crumbles to dust.
Your body is wracked with pain!
The hound convulses!
The black bear convulses!
Edmund convulses!
Elyvilon forgives your inadvertent evil act, just this once.
It was a scroll of torment.
The hound bites you.
As you read the scroll labelled WIGGI FAMIA, it crumbles to dust.
It is a scroll of identify.
o - a scroll of immolation The hound misses you.
The hound barely misses you.
As you read the scroll labelled PUFRIW REATZI, it crumbles to dust.
You hear a loud clanging noise!
It was a scroll of noise.
You hear a shout!
The hound misses you. The hound closely misses you. The hound bites you.
* * * LOW HITPOINT WARNING * * *
Okay, then.
The hound bites you.
* * * LOW HITPOINT WARNING * * *
Edmund hits you with a +4 dire flail of holy wrath.
* * * LOW HITPOINT WARNING * * *
The hound closely misses you.
It was a potion of brilliance.
You feel clever all of a sudden. The hound bites you but does no damage.
Edmund hits you with a +4 dire flail of holy wrath!
You die...
Edmund whines, "They better pay attention to me now!"

.... ## .... #. ..... #.
.....###### #. ..........#
+.
..........######+########.
..........................
........hh................
....[...h.@...............
######+###................
#................
+................
#................
#................
####+####+#####+#


You could see Edmund, a black bear and a hound.

Vanquished Creatures
  A phantom (D:3)
  An adder (D:2)
  2 dart slugs
  A ribbon worm (D:2)
  4 ball pythons
  8 bats
  5 endoplasms
  A giant cockroach (D:2)
  8 goblins
  5 hobgoblins
  7 jackals (D:1)
  5 kobolds
  3 quokkas
  4 frilled lizards
  2 rats
57 creatures vanquished.

Notes
Turn   | Place    | Note
-------+----------+-------------------------------------------
     0 | D:1      | GloriousHammer the Draconian Shapeshifter began the quest
                  | for the Orb.
     0 | D:1      | Reached XP level 1. HP: 16/16 MP: 1/1
     9 | D:1      | Upgraded the game from 0.31-a0-1576-ga3383bade6 to
                  | 0.31-a0-1626-g5cb510d322
    45 | D:1      | Reached XP level 2. HP: 22/23 MP: 2/2
   215 | D:1      | Reached skill level 4 in Unarmed Combat
   363 | D:1      | Reached XP level 3. HP: 28/28 MP: 3/3
   401 | D:1      | Found Giahofist's Antique Weapon Emporium.
  1245 | D:2      | Found a faded altar of an unknown god.
  1257 | D:2      | Prayed at the altar of an unknown god.
  1257 | D:2      | Became a worshipper of Elyvilon the Healer
  1257 | D:2      | Reached * piety under Elyvilon
  1387 | D:2      | Reached XP level 4. HP: 17/35 MP: 4/4
  2062 | D:3      | Noticed a phantom
  2087 | D:3      | Killed a phantom
  2088 | D:3      | Reached skill level 5 in Unarmed Combat
  2088 | D:3      | Reached XP level 5. HP: 28/40 MP: 5/5
  2248 | D:3      | Found a hazy altar of Hepliaklqana.
  2256 | D:3      | You fall into a shaft and drop 3 floors!
  2263 | D:6      | Noticed a black bear
  2278 | D:6      | Noticed Edmund
  2332 | D:6      | Reached ** piety under Elyvilon
  2373 | D:6      | HP: 1/40 [Edmund/+4 dire flail of holy wrath (4)]
  2374 | D:6      | Mangled by Edmund

Illustrated notes

Levels and vault maps discovered:
D:1:      lemuel_arrival_behind_the_door_large, layout_basic, serial_shops,
          nicolae_shop_back_alley_shop, minmay_3d_cube
D:2:      layout_loops_ring, dreamdust_ecumenical_altar_statues
D:3:      layout_basic, mainiacjoe_overflow_boulevard, minivault_27
D:6:      layout_gridville, nemelex_diamond_rough_becter,
          wad_floor_pattern_untrapped, minmay_misc_feat_diagonals,
          uniq_jeremiah, uniq_edmund

Skill      XL: |  1  2  3  4 |
---------------+-------------+-----
Unarmed Combat | 4 5 |  5.5
Fighting       | |  1.1
Dodging        | |  1.7
Shapeshifting  | |  3.5

Action                     |  1- 3 |  4- 6 || total
---------------------------+-------+-------++-------
  Melee: Unarmed           |   117 |    25 ||   142
         Tailslap          |     8 |     3 ||    11
         Punch             |     3 |       ||     3
    Use: Scroll            |       |     4 ||     4
         Potion            |       |     1 ||     1
   Stab: Sleeping          |     1 |       ||     1
 Armour: Skin              |    70 |    24 ||    94
  Dodge: Dodged            |    84 |    24 ||   108

Table legend: (Time is in decaauts)
 A = Elapsed time spent in this place.
 B = Non-inter-level travel time spent in this place.
 C = Inter-level travel time spent in this place.
 D = Time resting spent in this place.
 E = Time spent auto-exploring this place.
 F = Levels seen in this place.
 G = Mean time per level.
                   A        B        C        D        E       F      G
               +--------+--------+--------+--------+--------+-----+--------+
         Total |   2364 |   2167 |    197 |     32 |   1556 |   4 |  591.0 |
       Dungeon |   2364 |   2167 |    197 |     32 |   1556 |   4 |  591.0 |
               +--------+--------+--------+--------+--------+-----+--------+

Top non-repeatable levels by time:
     D:2: 1074 daAuts
     D:1: 886 daAuts
     D:3: 285 daAuts
     D:6: 117 daAuts
